 Dungeon Crawl Stone Soup version 0.26.0-10-g1f06aea511 (webtiles) character file.

Game seed: 8117192781457821501

998 vatarom the Twirler (level 8, -2/62 HPs)
             Began as a Demonspawn Gladiator on Jan 17, 2021.
             Shot with an arrow by a centaur (14 damage)
             ... on level 5 of the Dungeon.
             The game lasted 00:10:47 (6519 turns).

vatarom the Twirler (Demonspawn Gladiator)          Turns: 6519, Time: 00:10:48

Health: -2/62      AC:  6    Str: 15    XL:     8   Next: 0%
Magic:  8/8        EV: 18    Int: 11    God:
Gold:   275        SH:  0    Dex: 15    Spells: 7/7 levels left

rFire    + . .     SeeInvis .   a - +1 quarterstaff
rCold    . . .     Faith    .   (shield currently unavailable)
rNeg     . . .     Spirit   .   b - +0 leather armour
rPois    +         Reflect  .   c - +2 helmet
rElec    .         Harm     .   (no cloak)
rCorr    .         Rampage  .   (no gloves)
Will     .....                  (no boots)
Stlth    +.........             (no amulet)
HPRegen  0.20/turn              o - ring of poison resistance
MPRegen  0.11/turn              (no ring)

@: agile
A: fire resistance 1, powered by pain 1
a: no special abilities


You were on level 5 of the Dungeon.
You visited 2 branches of the dungeon, and saw 6 of its levels.

You collected 275 gold pieces.

Inventory:

Hand Weapons
 a - a +1 quarterstaff (weapon)
Missiles
 e - 23 poisoned darts (quivered)
 l - 16 boomerangs
Armour
 b - a +0 leather armour (worn)
 c - a +2 helmet (worn)
 m - a +0 helmet
Jewellery
 o - a ring of poison resistance (left hand)
Scrolls
 f - a scroll of fog
 i - 5 scrolls of teleportation {@r3}
 j - a scroll of immolation
 k - a scroll of random uselessness
 q - a scroll of remove curse {@r2}
Potions
 d - 3 potions of flight {unknown}
 g - 3 potions of lignification
 h - a potion of attraction


   Skills:
 + Level 5.1 Fighting
 + Level 6.3 Staves
 - Level 2.5 Throwing
 * Level 2.3 Armour
 * Level 3.7 Dodging


You had 7 spell levels left.
You didn't know any spells.
Your spell library contained the following spells:

 Spells                   Type           Power        Failure   Level
 Animate Skeleton         Necr           0%           41%         1
 Corona                   Hex            0%           41%         1
 Pain                     Necr           0%           41%         1
 Ensorcelled Hibernation  Hex/Ice        0%           54%         2
 Confusing Touch          Hex            0%           78%         3
 Dazzling Flash           Conj/Hex       0%           78%         3
 Tukima's Dance           Hex            0%           78%         3
 Vampiric Draining        Necr           0%           78%         3
 Animate Dead             Necr           0%           99%         4
 Agony                    Necr           0%           100%        5


Dungeon Overview and Level Annotations

Branches:
Dungeon (5/15)             Temple (1/1) D:5

Altars:
Dithmenos
Elyvilon
Fedhas
Gozag
Hepliaklqana
Makhleb
Nemelex Xobeh
Okawaru
Qazlal
Ru
Sif Muna
Trog
Uskayaw
Xom
Yredelemnul
Zin

Shops:
D:4 [


Innate Abilities, Weirdness & Mutations

Your flesh is heat resistant. (rF+)
You sometimes gain a little power by taking damage.


Message History

Aim: a centaur, quivering 16 arrows (wandering, hasn't noticed you)
You throw a poisoned dart.
The poisoned dart barely misses the centaur.
The centaur shouts!
The centaur wields a +0 shortbow.
The centaur shoots an arrow.
The arrow hits you.
Throw: 24 darts (poison)
Press: ? - help, Q - select action, (/) - cycle Shift-Dir - straight line, f/p - centaur
Aim: a centaur, wielding a +0 shortbow and quivering 15 arrows You throw a poisoned dart.
The poisoned dart barely misses the centaur.
The centaur shoots an arrow.
The arrow hits you!
* * * LOW HITPOINT WARNING * * *
The centaur shoots an arrow.
The arrow hits you.
* * * LOW HITPOINT WARNING * * *
The centaur shoots an arrow.
The arrow barely misses you.
There is a staircase to the Ecumenical Temple here.
You can't go up here!
The centaur shoots an arrow.
The arrow hits you!
You die...

.# ##..#######..## #.###. ##
##..........# #.# # #. ##
#........### ..### #. .###
#####........##.... .. #..##
###..#..#...##.....# ##.
###.###........#.#..#....# #
##...####.#..#....#....#####
#..## #..##)...#.......(.
#### #.....@..c......#
#..#....##.(#.###
#.#....#..#...#
#.#..#.#...[..#
#..##...#..##.##
##........##...######
#.######(........... ###
##.....###### #...### ..


You could see a centaur.

Vanquished Creatures
  Menkaure (D:5)
  Edmund (D:4)
  An ogre (D:4)
  A centaur (D:5)
  3 wights (D:5)
  A howler monkey (D:5)
  2 bullfrog zombies (D:5)
  2 hounds (D:4)
  A centaur skeleton (D:4)
  An orc wizard (D:4)
  5 worker ants
  2 adders (D:4)
  A white imp (D:5)
  An ufetubus (D:5)
  An ooze (D:1)
  2 worms (D:3)
  4 dart slugs
  2 leopard geckos
  10 orcs
  7 bats
  8 giant cockroaches
  8 goblins
  8 hobgoblins
  4 jackals
  10 kobolds
  3 quokkas
  A ball python (D:3)
  8 frilled lizards
  A jackal skeleton (D:5)
  A leopard gecko skeleton (D:5)
  5 rats
106 creatures vanquished.

Notes
Turn   | Place    | Note
-------+----------+-------------------------------------------
     0 | D:1      | vatarom the Demonspawn Gladiator began the quest for the
                  | Orb.
     0 | D:1      | Reached XP level 1. HP: 16/16 MP: 1/1
   313 | D:1      | Reached skill level 3 in Staves
   332 | D:1      | Gained mutation: Your flesh is heat resistant. (rF+)
                  | [demonic ancestry]
   332 | D:1      | Reached XP level 2. HP: 22/22 MP: 2/2
   729 | D:1      | Gained mutation: You sometimes gain a little power by
                  | taking damage. [demonic ancestry]
   729 | D:1      | Reached XP level 3. HP: 21/28 MP: 3/3
  1164 | D:2      | Found an iron altar of Okawaru.
  1407 | D:2      | Found a glowing silver altar of Zin.
  1539 | D:2      | Found a basalt altar of Yredelemnul.
  2557 | D:3      | Reached skill level 4 in Staves
  2571 | D:3      | Reached XP level 4. HP: 22/34 MP: 4/4
  3419 | D:4      | Noticed Edmund
  3441 | D:4      | Killed Edmund
  3442 | D:4      | Reached skill level 5 in Staves
  3442 | D:4      | Reached XP level 5. HP: 35/42 MP: 5/5
  3512 | D:4      | Found a shadowy altar of Dithmenos.
  3671 | D:4      | Reached XP level 6. HP: 33/48 MP: 6/6
  3834 | D:4      | Found a hide-covered altar of Uskayaw.
  4104 | D:4      | Found a white marble altar of Elyvilon.
  4571 | D:4      | Reached skill level 6 in Staves
  4585 | D:4      | Found Ijuuxys's Armour Boutique.
  4855 | D:5      | Entered Level 5 of the Dungeon
  5076 | D:5      | Reached XP level 7. HP: 21/55 MP: 7/7
  5395 | D:5      | Found an opulent altar of Gozag.
  5516 | D:5      | Reached skill level 1 in Armour
  5979 | D:5      | Noticed Menkaure
  5986 | D:5      | Killed Menkaure
  5987 | D:5      | Reached skill level 5 in Fighting
  6060 | D:5      | Found a staircase to the Ecumenical Temple.
  6075 | Temple   | Entered the Ecumenical Temple
  6507 | D:5      | Reached XP level 8. HP: 25/62 MP: 8/8
  6519 | D:5      | Shot with an arrow by a centaur

Illustrated notes

Levels and vault maps discovered:
D:1:      dpeg_arrival_rhombi, layout_basic, grunt_decor_fettered
D:2:      wad_river_or_something, layout_loops_ring, zin_statuary,
          yredelemnul_altar_generic, okawaru_ov_weapons_minmay
D:3:      layout_basic
D:4:      layout_basic, nicolae_dithmenos_shadow_blocks, kennysheep_little_box,
          marbit_many_paths, serial_shops, kennysheep_mini, uniq_edmund
D:5:      layout_layer_cave, lemuel_doored_altar,
          nicolae_gozag_cash_rules_everything_around_me,
          minmay_temple_entry_mini_moons, ebering_ghost_disaster_area,
          gup_sewer_entry_spiral, uniq_eustachio, uniq_menkaure, uniq_sigmund
Temple:   compressed_dpeg_triangle_lava_temple

Skill      XL: |  1  2  3  4  5  6  7 |
---------------+----------------------+-----
Staves         | 3 4 5 6 |  6.3
Fighting       | 3 4 5 |  5.1
Throwing       | 2 |  2.5
Armour         | 2 |  2.3
Dodging        | 3 |  3.7

Action                   |  1- 3 |  4- 6 |  7- 9 || total
-------------------------+-------+-------+-------++-------
Melee: Quarterstaff      |   127 |   112 |   114 ||   353
Throw: Dart              |     2 |    20 |     2 ||    24
       Throwing net      |       |     4 |     1 ||     5
  Use: Scroll            |     9 |     6 |     1 ||    16
       Potion            |       |     2 |     2 ||     4
 Stab: Sleeping          |     3 |     1 |       ||     4
       Held in net/web   |       |       |     2 ||     2
Armor: Leather armour    |    34 |    21 |    28 ||    83
       Skin              |       |       |     4 ||     4
Dodge: Dodged            |    84 |    78 |    66 ||   228
